 Dungeon Crawl Stone Soup version 0.28-a0-622-gbaef9634d7 (webtiles) character file.

Game seed: 1676703861844209614

71 ytrimaz the Chopper (level 4, -3/40 HPs)
             Began as a Hill Orc Monk on Oct 7, 2021.
             Slain by Terence (10 damage)
             ... on level 2 of the Dungeon.
             The game lasted 00:03:26 (2995 turns).

ytrimaz the Chopper (Hill Orc Monk)                 Turns: 2995, Time: 00:03:26

Health: -3/40      AC:  2    Str: 11 (14) XL:     4   Next: 24%
Magic:  4/4        EV: 13    Int:  8 (10) God:
Gold:   85         SH:  0    Dex: 17 (19) Spells: 3/3 levels left

rFire   . . .      SeeInvis .   a - +0 hand axe
rCold   . . .      Faith    .   (no shield)
rNeg    . . .      Spirit   .   b - +0 robe
rPois   .          Reflect  .   (no helmet)
rElec   .          Harm     .   (no cloak)
rCorr   .          Rampage  .   (no gloves)
Will    .....                   (no boots)
Stlth   ++........              (no amulet)
HPRegen 0.13/turn               j - +6 ring of dexterity
MPRegen 0.09/turn               (no ring)

@: no status effects
A: no striking features
a: no special abilities


You were on level 2 of the Dungeon.
You visited 1 branch of the dungeon, and saw 2 of its levels.

You collected 85 gold pieces.

Inventory:

Hand Weapons
 a - a +0 hand axe (weapon)
Armour
 b - a +0 robe (worn)
Jewellery
 j - a +6 ring of dexterity (left hand)
Scrolls
 e - 2 scrolls of amnesia
 f - a scroll of enchant weapon {unknown}
 g - a scroll of fog {unknown}
 i - a scroll of identify {unknown}


   Skills:
 + Level 4.2 Fighting
 + Level 5.0 Axes
 * Level 1.6 Armour
 + Level 2.9 Dodging
 - Level 1.5 Stealth


You had 3 spell levels left.
You didn't know any spells.
Your spell library was empty.

Dungeon Overview and Level Annotations

Branches:
Dungeon (2/15)

Altars:

Annotations:
D:2 Terence


Message History

You hit Terence but do no damage.
Terence is moderately wounded.
Terence shouts, "Get ready for death!"
Terence hits you with a +0 flail!
You hit Terence.
Terence is moderately wounded.
Terence hits you with a +0 flail!
* * * LOW HITPOINT WARNING * * *
You hit Terence.
Terence is heavily wounded.
Terence hits you with a +0 flail.
* * * LOW HITPOINT WARNING * * *
You feel much better. Terence barely misses you.
You closely miss Terence.
Terence is heavily wounded.
Terence barely misses you.
You hit Terence.
Terence is severely wounded.
Terence misses you.
You barely miss Terence.
Terence is severely wounded.
Terence bares his teeth.
Terence barely misses you.
You hit Terence.
Terence is severely wounded.
Terence misses you. Terence hits you with a +0 flail!
* * * LOW HITPOINT WARNING * * *
You hit Terence but do no damage.
Terence is severely wounded.
Terence misses you.
You hit Terence but do no damage.
Terence is severely wounded.
Terence closely misses you.
You hit Terence.
Terence is almost dead.
Terence completely misses you.
You hit Terence but do no damage.
Terence is almost dead.
Terence hits you with a +0 flail!
You die...

####.######....##########.#.#
#.# ##.###.# #.#.. #.# #..#
#.# #.### #.# #..###.# #....
#.# #.#...## ##### #.#
#.##.## #>####.##.#
#......##.# #.#######@#
#.....>.@.# ###########


You could see Terence.

Vanquished Creatures
  An adder (D:2)
  A worm (D:2)
  4 dart slugs
  2 bats (D:2)
  2 endoplasms
  3 giant cockroaches (D:2)
  5 goblins
  8 hobgoblins
  4 jackals (D:2)
  A quokka (D:1)
  5 ball pythons
  A frilled lizard (D:2)
  7 kobolds
  2 rats
46 creatures vanquished.

Notes
Turn   | Place    | Note
-------+----------+-------------------------------------------
     0 | D:1      | ytrimaz the Hill Orc Monk began the quest for the Orb.
     0 | D:1      | Reached XP level 1. HP: 19/19 MP: 1/1
   284 | D:1      | Reached XP level 2. HP: 27/27 MP: 2/2
   783 | D:1      | Reached skill level 1 in Armour
  1127 | D:2      | Reached XP level 3. HP: 30/33 MP: 3/3
  2001 | D:2      | Found a faded altar of an unknown god.
  2010 | D:2      | Reached XP level 4. HP: 40/40 MP: 4/4
  2215 | D:2      | Reached skill level 5 in Axes
  2507 | D:2      | Noticed Terence
  2995 | D:2      | Slain by Terence

Illustrated notes

Levels and vault maps discovered:
D:1:      psy_arrival_statuary, layout_loops_ring, minivault_27
D:2:      minmay_door_path, layout_loops_ring, chequers_ecumenical_altar_simple,
          uniq_terence

Skill      XL: |  1  2  3  4 |
---------------+-------------+-----
Fighting       | 4 |  4.2
Armour         | 1 |  1.6
Axes           | 5 |  5.0
Dodging        | |  2.9
Stealth        | |  1.5

Action                   |  1- 3 |  4- 6 || total
-------------------------+-------+-------++-------
Melee: Hand axe          |   115 |    50 ||   165
  Use: Scroll            |     1 |       ||     1
       Potion            |       |     5 ||     5
 Stab: Sleeping          |     5 |       ||     5
Armor: Robe              |    22 |    13 ||    35
Dodge: Dodged            |    65 |    36 ||   101

Table legend: (Time is in decaauts)
 A = Elapsed time spent in this place.
 B = Non-inter-level travel time spent in this place.
 C = Inter-level travel time spent in this place.
 D = Time resting spent in this place.
 E = Time spent auto-exploring this place.
 F = Levels seen in this place.
 G = Mean time per level.
                   A        B        C        D        E       F      G
               +--------+--------+--------+--------+--------+-----+--------+
         Total |   3007 |   2923 |     84 |    415 |   2034 |   2 | 1503.5 |
       Dungeon |   3007 |   2923 |     84 |    415 |   2034 |   2 | 1503.5 |
               +--------+--------+--------+--------+--------+-----+--------+

Top non-repeatable levels by time:
     D:2: 1645 daAuts
     D:1: 1361 daAuts
